 Dungeon Crawl Stone Soup version 0.20.0-8-g6b59dc7 (webtiles) character file.

65 MTVSty1e the Chiller (level 4, -1/27 HPs)
             Began as a Gargoyle Ice Elementalist on June 2, 2017.
             Slain by a worm (6 damage)
             ... on level 2 of the Dungeon.
             The game lasted 00:05:17 (2038 turns).

MTVSty1e the Chiller (Gargoyle Ice Elementalist)    Turns: 2038, Time: 00:05:18

Health: -1/27      AC:  6    Str: 13    XL:     4   Next: 13%
Magic:  7/7        EV: 11    Int: 18    God:
Gold:   79         SH:  0    Dex: 10    Spells: 6/7 levels left

rFire    . . .     SeeInvis .   i - +0 club
rCold    . . .     Gourm    .   (no shield)
rNeg     + . .     Faith    +   f - +0 leather armour
rPois    ∞         Spirit   .   (no helmet)
rElec    +         Reflect  .   (no cloak)
rCorr    .         Harm     .   (no gloves)
MR       .....                  (no boots)
Stlth    ++........             d - amulet of faith
Regen    0.1/turn               m - +3 ring of intelligence
MPRegen  0.1/turn               (no ring)

@: no status effects
A: negative energy resistance 1, electricity resistance, unbreathing,
petrification resistance, rot immunity, AC +3
a: no special abilities


You were on level 2 of the Dungeon.
You were not hungry.

You visited 1 branch of the dungeon, and saw 2 of its levels.

You collected 79 gold pieces.

Inventory:

Hand Weapons
 i - a +0 club (weapon)
Armour
 a - a +0 robe
 f - a +0 leather armour (worn)
Jewellery
 d - an amulet of faith (around neck)
 m - a +3 ring of intelligence (left hand)
Scrolls
 e - 2 scrolls of teleportation {unknown}
 g - a scroll of noise {unknown}
 h - a scroll of remove curse {unknown}
 k - a scroll of immolation {unknown}
 p - a scroll of blinking {unknown}
Potions
 j - a potion of mutation {unknown}
 l - a potion of curing {unknown}
 n - a potion of invisibility {unknown}
 o - a potion of degeneration {unknown}
Books
 b - a book of Frost

   Spells                             Type                      Level
   a - Freeze                         Ice                          1
   b - Throw Frost                    Conjuration/Ice              2
   c - Ozocubu's Armour               Charms/Ice                   3
   d - Throw Icicle                   Conjuration/Ice              4
   e - Summon Ice Beast               Ice/Summoning                4
Comestibles
 c - a bread ration


   Skills:
 + Level 2.5 Fighting
 * Level 2.0 Maces & Flails
 - Level 1.5 Dodging
 - Level 2.1 Stealth
 - Level 1.3 Unarmed Combat
 - Level 2.0 Spellcasting
   Level 1.1 Conjurations
 - Level 3.0 Ice Magic


You had 6 spell levels left.
You knew the following spells:

 Your Spells              Type           Power        Failure   Level  Hunger
a - Freeze                Ice            ##..         7%          1    #......


Dungeon Overview and Level Annotations

Branches:
Dungeon (2/15)

Altars:


Innate Abilities, Weirdness & Mutations

You are resistant to torment.
Your stone body is resilient. (AC +3)
You are immune to poison.
You resist negative energy. (rN+)
You are resistant to electric shocks. (rElec)
You can survive without breathing.
You are immune to petrification.
You are immune to rotting.


Message History

You are too injured to fight recklessly!
Your leather armour prevents you from hitting the worm.
The worm is moderately wounded.
The worm bites you but does no damage.
You hit the worm.
The worm is heavily wounded.
The worm barely misses you.
You hit the worm.
The worm is heavily wounded.
You hit the worm.
The worm is severely wounded.
The worm barely misses you.
You barely miss the worm.
The worm is heavily wounded.
The worm bites you.
* * * LOW HITPOINT WARNING * * *
You hit the worm.
The worm is severely wounded.
The worm bites you.
You die...

.....##......
#.#..........##
.........# ..# .
.........# #..####
.. ..)......#
#.....##.
.(.......#
#.......
.........# #.....#
.........# #...w.#
.....<...# ###.#@#
.........# #.....#
###...##.....#.###
.......#.## #.#
#.##......####.#
#.##...##..#...#
#....#####†...##
...#####....#.#
....#..).####.#


You could see a worm.

Vanquished Creatures
  2 adders
  A leopard gecko (D:1)
  3 bats (D:1)
  4 giant cockroaches (D:1)
  6 goblins
  7 hobgoblins
  8 jackals
  2 frilled lizards (D:1)
  5 kobolds
  A rat (D:1)
39 creatures vanquished.

Notes
Turn   | Place    | Note
-------+----------+-------------------------------------------
     0 | D:1      | MTVSty1e the Gargoyle Ice Elementalist began the quest for the Orb.
     0 | D:1      | Reached XP level 1. HP: 10/10 MP: 3/3
   382 | D:1      | Reached skill level 1 in Unarmed Combat
   392 | D:1      | Reached XP level 2. HP: 13/16 MP: 1/5
   396 | D:1      | Reached skill level 1 in Fighting
  1022 | D:1      | Reached XP level 3. HP: 17/21 MP: 6/6
  1126 | D:1      | Reached skill level 1 in Maces & Flails
  1956 | D:2      | Reached XP level 4. HP: 21/27 MP: 7/7
  2038 | D:2      | Slain by a worm

Skill      XL: |  1  2  3 |
---------------+----------+-----
Unarmed Combat | 1 |  1.3
Fighting       | 1 2 |  2.5
Maces & Flails | 2 |  2.0
Dodging        | |  1.5
Stealth        | |  2.1
Spellcasting   | |  2.0
Conjurations   | |  1.1
Ice Magic      | |  3.0

Action                   |  1- 3 |  4- 6 || total
-------------------------+-------+-------++-------
Melee: Unarmed           |    39 |       ||    39
       Club              |   220 |     9 ||   229
       Punch             |     1 |       ||     1
 Cast: Freeze            |     8 |       ||     8
  Eat: Fruit             |     1 |       ||     1
       Bread ration      |     1 |       ||     1
Armor: Robe              |     6 |       ||     6
       Leather armour    |   133 |     1 ||   134
Dodge: Dodged            |   200 |     2 ||   202
